 Dungeon Crawl Stone Soup version 0.23-a0-435-g79ed067 (webtiles) character file.

63 Alphaeus the Shield-Bearer (level 3, -1/33 HPs)
             Began as a Minotaur Fighter on Nov 16, 2018.
             Slain by Sigmund
             ... wielding a +0 scythe
              (4 damage)
             ... on level 2 of the Dungeon.
             The game lasted 00:01:09 (1537 turns).

Alphaeus the Shield-Bearer (Minotaur Fighter)       Turns: 1537, Time: 00:01:10

Health: -1/33      AC:  7    Str: 25    XL:     3   Next: 89%
Magic:  2/2        EV:  8    Int:  9    God:
Gold:   21         SH: 10    Dex:  9    Spells: 2/2 levels left

rFire    . . .     SeeInvis .     - Unarmed
rCold    . . .     Gourm    .   b - +0 shield
rNeg     + . .     Faith    .   a - +0 scale mail
rPois    .         Spirit   .   (helmet restricted)
rElec    .         Reflect  .   (no cloak)
rCorr    .         Harm     .   (no gloves)
MR       .....                  (no boots)
Stlth    ..........             (no amulet)
HPRegen  0.11/turn              f - ring of positive energy
MPRegen  0.08/turn              k - +3 ring of intelligence

@: mighty, very slightly contaminated, invisible
A: retaliatory headbutt, horns 2
a: no special abilities


You were on level 2 of the Dungeon.
You were not hungry.

You visited 1 branch of the dungeon, and saw 2 of its levels.

You collected 21 gold pieces.

Inventory:

Armour
 a - a +0 scale mail (worn)
 b - a +0 shield (worn)
Jewellery
 f - a ring of positive energy (left hand)
 k - a +3 ring of intelligence (right hand)
Scrolls
 g - 3 scrolls of remove curse
 h - 3 scrolls of identify {unknown}
 j - a scroll of random uselessness {unknown}
Potions
 c - a potion of might
Comestibles
 d - 5 rations
 i - 4 chunks of flesh


   Skills:
 + Level 4.1 Fighting
 + Level 4.1 Armour
 + Level 1.5 Dodging
 + Level 4.2 Shields
 + Level 2.8 Unarmed Combat


You had 2 spell levels left.
You didn't know any spells.
Your spell library was empty.

Dungeon Overview and Level Annotations

Branches:
Dungeon (2/15)

Altars:
Fedhas

Annotations:
D:2 Sigmund


Innate Abilities, Weirdness & Mutations

You reflexively headbutt those who attack you in melee.
You have a pair of horns on your head.


Message History

The adder barely misses you. Something hits you!
* * * LOW HITPOINT WARNING * * *
Your shield and scale mail prevent you from hitting the adder.
The adder is severely wounded.
You block the adder's attack. Something hits you.
* * * LOW HITPOINT WARNING * * *
The adder barely misses you.
It was a potion of invisibility.
You fade into invisibility!
You block the adder's attack.
You are very lightly contaminated with residual magic.
Your shield prevents you from hitting the adder.
The adder is severely wounded.
The adder closely misses you. You furiously retaliate!
You headbutt the adder, but do no damage.
You closely miss the adder. You headbutt the adder.
You kill the adder!
You feel very mighty all of a sudden. Something hits you.
You die...

... #.....#.# ###
#..###w# #.#.# #....gg#
#...#
##.###.###.##############
#.w.................
###g#.#########.####
#g#÷# #.# #.#.# #.#
#@#.#########.#
#..#.......÷..#
###.#########.# #.# #.#
#.# #.# #.#########.#
#...........#
#############


You could see a worm and 2 goblins.

Vanquished Creatures
  An adder (D:2)
  An ooze (D:1)
  A worm (D:2)
  5 dart slugs
  A leopard gecko (D:1)
  6 bats
  2 giant cockroaches (D:2)
  5 hobgoblins (D:1)
  A kobold (D:2)
  A frilled lizard (D:2)
  8 goblins
  2 rats (D:1)
34 creatures vanquished.

Notes
Turn   | Place    | Note
-------+----------+-------------------------------------------
     0 | D:1      | Alphaeus the Minotaur Fighter began the quest for the Orb.
     0 | D:1      | Reached XP level 1. HP: 19/19 MP: 0/0
   241 | D:1      | Reached XP level 2. HP: 24/27 MP: 1/1
   372 | D:1      | Reached skill level 1 in Dodging
   589 | D:1      | Reached XP level 3. HP: 33/33 MP: 2/2
  1037 | D:2      | Found a blossoming altar of Fedhas.
  1514 | D:2      | Noticed Sigmund
  1537 | D:2      | Slain by Sigmund

Vault maps used:
D:1:      matt_arrival_los_fun, minmay_tromino_v4_a
D:2:      fedhas_ov_isle_minmay, first_ration, minmay_misc_feat_tiny,
          makhleb_heckhound_becter, uniq_sigmund

Skill      XL: |  1  2  3 |
---------------+----------+-----
Dodging        | 1 |  1.5
Fighting       | 4 |  4.1
Shields        | 4 |  4.2
Armour         | 4 |  4.1
Unarmed Combat | |  2.8

Action                   || total
-------------------------++-------
Melee: Unarmed           ||   107
       Headbutt          ||    16
  Use: Potion            ||     2
       Scroll            ||     1
  Eat: Chunk             ||     2
Armor: Scale mail        ||    41
Dodge: Dodged            ||    24
Block: Shield            ||    46

Table legend:
 A = Non-vault XP
 B = Vault XP
 C = Vault XP percentage of total XP
 D = Non-vault monster count
 E = Vault monster count
 F = Vault count percentage of total count
                 A         B        C        D         E       F
            +---------+---------+-------+---------+---------+-------
      Total |      85 |       6 |   6.6 |      30 |       4 |  11.8
            +---------+---------+-------+---------+---------+-------
        D:1 |      50 |       6 |  10.7 |      20 |       4 |  16.7
        D:2 |      35 |       0 |   0.0 |      10 |       0 |   0.0
            +---------+---------+-------+---------+---------+-------
